 Dungeon Crawl Stone Soup version 0.29-a0-321-gf1c400731a (webtiles) character file.

Game seed: 12068228338737850158

40805 Ijustatesigmund the Thaumaturge (level 13, -1/74 HPs)
             Began as a Deep Elf Fire Elementalist on Apr 5, 2022.
             Was a High Priest of Cheibriados.
             Slain by a frost giant
             ... wielding a +1 battleaxe of freezing
              (4 damage)
             ... in an ice cave.
             The game lasted 01:02:04 (24795 turns).

Ijustatesigmund the Thaumaturge (DEFE)             Turns: 24795, Time: 01:02:06

Health: -1/74      AC:  9    Str: 17    XL:     13   Next: 76%
Magic:  11/31      EV: 19    Int: 38    God:    Cheibriados [*****.]
Gold:   892        SH:  6    Dex: 30    Spells: 15/36 levels left

rFire   . . .      SeeInvis .   o - +5 short sword (freeze)
rCold   + . .      Faith    .   M - +0 buckler
rNeg    . . .      Spirit   .   a - +0 troll leather armour
rPois   .          Reflect  .   (no helmet)
rElec   .          Harm     .   w - +2 cloak {rCorr}
rCorr   +          Rampage  .   y - +0 pair of gloves {Dex+3}
Will    +....                   (no boots)
Stlth   ++++......              (no amulet)
HPRegen 1.02/turn               i - ring of protection from cold
MPRegen 0.22/turn               B - ring of wizardry

@: invisible, very slow
A: no striking features
a: Renounce Religion, Bend Time, Temporal Distortion, Slouch, Step From Time


You were in an ice cave.
You worshipped Cheibriados.
Cheibriados was extremely pleased with you.
You visited 3 branches of the dungeon, and saw 17 of its levels.
You also visited: Sewer, Bailey and Ice Cave.

You collected 1123 gold pieces.
You spent 231 gold pieces at shops.

Inventory:

Hand Weapons
 c - a +0 rapier of venom
 o - a +5 short sword of freezing (weapon)
 q - the +7 long sword "Toebimeriq" {venom, Fly rC- Str+7 Stlth+}
   (You took it off a hobgoblin in a bailey)

   It poisons the flesh of those it strikes.
   Str:       It affects your strength (+7).
   rC:        It makes you vulnerable to cold.
   Fly:       It grants you flight.
   Stlth:     It makes you more stealthy.
Missiles
 u - 3 throwing nets
 L - 5 curare-tipped darts
Armour
 a - a +0 troll leather armour (worn)
 w - a +2 cloak of preservation (worn)
 y - a +0 pair of gloves of dexterity (worn)
 D - +0 acid dragon scales
 M - a +0 buckler (worn)
Jewellery
 b - a ring of see invisible
 i - a ring of protection from cold (left hand)
 x - a ring of protection from fire
 B - a ring of wizardry (right hand)
 N - a ring of poison resistance
Wands
 l - a wand of flame (30)
 s - a wand of acid (6)
 t - a wand of iceblast (5)
 C - a wand of mindburst (16)
Scrolls
 e - a scroll of enchant weapon
 f - 4 scrolls of teleportation
 m - a scroll of identify
 z - 4 scrolls of amnesia
 K - a scroll of fear
 O - a scroll of fog
Potions
 d - 3 potions of lignification
 g - 4 potions of curing
 j - 3 potions of might
 k - 2 potions of flight
 n - a potion of ambrosia {unknown}
 r - a potion of attraction {unknown}
 v - 3 potions of brilliance {unknown}
 E - 2 potions of mutation {unknown}
 F - a potion of berserk rage {unknown}
 G - 2 potions of magic
 H - a potion of cancellation {unknown}
 I - 4 potions of haste {unknown}


   Skills:
 - Level 5.9 Fighting
 - Level 4.1 Short Blades
 - Level 4.1 Armour
 + Level 8.0 Dodging
 - Level 5.8 Stealth
 - Level 2.2 Shields
 - Level 12.2 Spellcasting
 - Level 9.2 Conjurations
 + Level 7.2 Necromancy
 - Level 3.5 Transmutations
 - Level 9.9 Fire Magic
 + Level 4.6 Ice Magic
 + Level 4.2 Air Magic
 - Level 3.6 Poison Magic
 + Level 9.1 Invocations
 - Level 4.8 Evocations


You had 15 spell levels left.
You knew the following spells:

 Your Spells              Type           Power      Damage    Failure   Level
a - Foxfire               Conj/Fire      100%       2x1d9     1%          1
b - Scorch                Fire           100%       2d10      1%          2
c - Flame Wave            Conj/Fire      77%        2d14      1%          4
d - Ignite Poison         Fire/Tmut/Pois 61%        N/A       1%          3
e - Mephitic Cloud        Conj/Pois/Air  61%        N/A       1%          3
f - Vampiric Draining     Necr           67%        2d10      1%          3
g - Freezing Cloud        Conj/Ice/Air   31%        6-21      2%          5

Your spell library contained the following spells:

 Spells                   Type           Power      Damage    Failure   Level
 Slow                     Hex            92%        N/A       1%          1
 Summon Small Mammal      Summ           92%        N/A       1%          1
 Conjure Flame            Conj/Fire      77%        6-21      1%          3
 Inner Flame              Hex/Fire       57%        N/A       1%          3
 Ozocubu's Armour         Ice            55%        N/A       1%          3
 Excruciating Wounds      Necr           33%        N/A       1%          5
 Call Canine Familiar     Summ           23%        N/A       3%          3
 Confusing Touch          Hex            23%        N/A       3%          3
 Gell's Gravitas          Tloc           23%        N/A       3%          3
 Portal Projectile        Hex/Tloc       46%        N/A       3%          3
 Summon Guardian Golem    Hex/Summ       23%        N/A       3%          3
 Teleport Other           Tloc           23%        N/A       3%          3
 Blade Hands              Tmut           25%        N/A       7%          5
 Ozocubu's Refrigeration  Ice            27%        4d10      75%         7
 Dispersal                Tloc           11%        N/A       82%         6


Dungeon Overview and Level Annotations

Branches:
Dungeon (12/15)            Temple (1/1) D:5            Lair (4/6) D:11
  Swamp (0/4) Lair:2        Snake (0/4) Lair:2        Sewer (visited)
 Bailey (visited)           IceCv (1/1)
    Orc: D:9-12

Altars:
Ashenzari
Cheibriados
Dithmenos
Elyvilon
Fedhas
Gozag
Hepliaklqana
Kikubaaqudgha
Makhleb
Nemelex Xobeh
Okawaru
Qazlal
Ru
Sif Muna
Trog
Uskayaw
Vehumet
Wu Jian
Xom
Yredelemnul
Zin
The Shining One

Shops:
D:8 !(!

Annotations:
Lair:2 3 runed translucent doors, paps's ghost, journeyman GrMo
Lair:4 1 runed translucent door


Message History

Casting: Flame Wave (safe; 1% risk of failure)
Confirm with . or Enter, or press ? or * to list all spells.
Flames lash the frost giant but do no damage.
You block the frost giant's attack.
Casting: Scorch (safe; 1% risk of failure)
Confirm with . or Enter, or press ? or * to list all spells.
Flames lash the frost giant.
The frost giant is heavily wounded.
The frost giant's fire resistance burns away.
You hear an angry growl.
The frost giant barely misses you.
Casting: Scorch (safe; 1% risk of failure)
Confirm with . or Enter, or press ? or * to list all spells.
Casting: Flame Wave (safe; 1% risk of failure)
Press: ? - help, Dir - look around, f - activate A wave of flame ripples out!
The flame wave engulfs the polar bear.
The polar bear is lightly wounded.
The flame wave engulfs the frost giant!
The frost giant is burned terribly!
The frost giant is heavily wounded. (Press . to intensify the flame waves.)
The polar bear misses you. The polar bear completely misses you.
You block the polar bear's attack.
The frost giant hits you with a +1 battleaxe of freezing!!
The frost giant freezes you.
* * * LOW HITPOINT WARNING * * *
Okay, then.
Activating: Slouch (3% risk of failure)
Press: ? - help, Dir - look around, f - activate You can feel time thicken for a moment.
Cheibriados lowers the support of your attributes as your movement quickens.
The polar bear completely misses you. x2; You block the polar bear's attack.
The frost giant hits you but does no damage.
Casting: Flame Wave (safe; 1% risk of failure)
Confirm with . or Enter, or press ? or * to list all spells.
Flames lash the polar bear but do no damage.
The polar bear completely misses you. x2; You block the polar bear's attack.
The frost giant hits you with a +1 battleaxe of freezing!!
* * * LOW HITPOINT WARNING * * *
The frost giant freezes you.
You die...

...#..#..###.##
..###.#...###.#
.## #......##.##
÷.# ####...##..#
#†## #.⌠.###.##
#÷.# #...###..#
##†## #....###.##
#..# #..#.# #..#
##.#######.###.@#
#...####.###.hC#
##..##.#.# ###.#
#.#.#..## #.##
####...# ##.#
#.### #≈# ### §##
≈§ ≈§#


You could see a frost giant (combustible) and a polar bear (can't see you).

Vanquished Creatures
  2 hydras (Lair:2)
  2 two-headed ogres
  Urug (Lair:1)
  A shock serpent (D:12)
  Pikel (D:4)
  An orc knight (Bailey)
  An ugly thing (D:12)
  Maurice (D:8)
  4 elephants (Lair:3)
  A black mamba (Lair:3)
  An ice statue (IceCv)
  2 gargoyles (D:11)
  6 cane toads
  A kobold demonologist (D:9)
  A rime drake (Lair:3)
  4 komodo dragons
  An unseen horror (D:10)
  2 trolls
  10 polar bears (IceCv)
  Grinder (D:4)
  2 tyrant leeches
  3 blink frogs (Lair:3)
  Prince Ribbit (D:7)
  A shadow (D:11)
  Eustachio (D:3)
  42 yaks
  3 wyverns
  2 basilisks (Lair:3)
  2 vampire mosquitoes (D:10)
  Grum (D:8)
  3 nagas (Lair:2)
  2 acid dragons
  7 water moccasins
  3 swamp worms (Lair:2)
  12 orc warriors
  A sky beast (D:7)
  4 ice beasts
  3 black bears
  3 ogres
  33 wolves
  A centaur (D:10)
  2 phantoms
  3 kobold brigands
  9 bullfrogs
  A necrophage (D:5)
  A scorpion (D:7)
  2 gnoll sergeants
  5 wights (D:8)
  9 killer bees
  3 electric eels
  8 howler monkeys
  9 hounds
  5 orc priests
  Crazy Yiuf (D:4)
  2 jellies
  5 iguanas
  2 gnoll shamans
  Natasha (thrice) (D:3)
  11 orc wizards
  20 gnolls
  8 adders
  A shadow imp (D:7)
  3 white imps
  A worm (D:2)
  6 dart slugs
  42 orcs
  14 ball pythons
  4 endoplasms
  10 giant cockroaches
  13 goblins
  16 hobgoblins
  10 jackals
  3 quokkas
  7 bats
  7 frilled lizards
  20 kobolds
  10 rats
  A butterfly (Lair:1)
451 creatures vanquished.

Vanquished Creatures (collateral kills)
  5 foxfires
5 creatures vanquished.

Vanquished Creatures (others)
  1177 foxfires
  12 fungi
  34 plants
1223 creatures vanquished.

Grand Total: 1679 creatures vanquished

Notes
Turn   | Place    | Note
-------+----------+-------------------------------------------
     0 | D:1      | Ijustatesigmund the Deep Elf Fire Elementalist began the
                  | quest for the Orb.
     0 | D:1      | Reached XP level 1. HP: 10/10 MP: 6/6
   452 | D:1      | Reached XP level 2. HP: 15/15 MP: 4/8
   556 | D:1      | Found a faded altar of an unknown god.
  1018 | D:1      | Reached XP level 3. HP: 16/19 MP: 2/9
  2426 | D:2      | Learned a level 2 spell: Scorch
  2546 | D:2      | Reached XP level 4. HP: 20/24 MP: 7/10
  3729 | D:3      | Reached XP level 5. HP: 28/28 MP: 8/11
  3944 | D:3      | Noticed Natasha
  3954 | D:3      | Killed Natasha
  3988 | D:3      | Found a glowing silver altar of Zin.
  4037 | D:3      | Found a white marble altar of Elyvilon.
  4038 | D:3      | Found a shimmering blue altar of Sif Muna.
  4055 | D:3      | Noticed a black bear
  4058 | D:3      | Killed a black bear
  4059 | D:3      | Reached skill level 1 in Fighting
  4059 | D:3      | Reached skill level 5 in Fire Magic
  4120 | D:3      | Reached XP level 6. HP: 30/34 MP: 9/13
  4227 | D:3      | Noticed Natasha
  4231 | D:3      | Killed Natasha
  4315 | D:3      | Noticed Natasha
  4323 | D:3      | Killed Natasha
  4324 | D:3      | Reached skill level 4 in Spellcasting
  4638 | D:4      | Noticed Eustachio
  4660 | D:3      | Killed Eustachio
  4661 | D:3      | Reached XP level 7. HP: 18/39 MP: 1/15
  5149 | D:4      | Noticed Grinder
  5158 | D:4      | Killed Grinder
  5159 | D:4      | Reached skill level 5 in Spellcasting
  5159 | D:4      | Reached skill level 5 in Conjurations
  5382 | D:4      | Noticed Pikel
  5389 | D:4      | Killed Pikel
  5390 | D:4      | Reached skill level 5 in Dodging
  5390 | D:4      | Reached skill level 6 in Spellcasting
  5390 | D:4      | Reached XP level 8. HP: 46/46 MP: 6/19
  5814 | D:4      | Found a runed translucent door.
  5815 | D:4      | Noticed Crazy Yiuf
  5822 | D:4      | Killed Crazy Yiuf
  6022 | D:5      | Entered Level 5 of the Dungeon
  6128 | D:4      | Learned a level 4 spell: Flame Wave
  6561 | D:5      | Noticed a troll
  6575 | D:5      | Killed a troll
  6576 | D:5      | Reached skill level 7 in Spellcasting
  6577 | D:5      | Reached XP level 9. HP: 38/52 MP: 7/21
  6921 | D:5      | Found a staircase to the Ecumenical Temple.
  7471 | D:5      | Reached skill level 1 in Armour
  7784 | D:6      | Found a glowing drain.
  7793 | Sewer    | Entered a sewer
  8112 | D:6      | Learned a level 3 spell: Ignite Poison
  8228 | D:6      | Reached skill level 1 in Transmutations
  8228 | D:6      | Reached skill level 1 in Poison Magic
  8309 | D:6      | Reached skill level 8 in Spellcasting
  8636 | D:6      | Found a burning altar of Makhleb.
  9558 | D:7      | Found a hazy altar of Hepliaklqana.
  9675 | D:7      | Noticed Prince Ribbit
  9687 | D:7      | Killed Prince Ribbit
  9688 | D:7      | Reached skill level 9 in Spellcasting
  9688 | D:7      | Reached XP level 10. HP: 56/56 MP: 20/25
  9746 | D:7      | Learned a level 3 spell: Mephitic Cloud
 10118 | D:7      | Reached skill level 1 in Evocations
 10544 | D:8      | Noticed Grum
 10891 | D:8      | Found a bloodstained altar of Trog.
 10971 | D:8      | Killed Grum
 11100 | D:8      | Found Parcho's General Store.
 11102 | D:8      | Found Diuz Huf's Distillery.
 11103 | D:8      | Found Atefey's Weapon Shoppe.
 11103 | D:8      | Found Menif's Distillery.
 11107 | D:8      | Bought a potion of heal wounds for 75 gold pieces
 11118 | D:8      | Bought a potion of heal wounds for 60 gold pieces
 11118 | D:8      | Bought a potion of invisibility for 96 gold pieces
 11672 | D:8      | Noticed Maurice
 11688 | D:8      | Killed Maurice
 11878 | D:9      | Found a flagged portal.
 11887 | Bailey   | Entered a bailey
 12092 | Bailey   | Reached skill level 10 in Spellcasting
 12099 | Bailey   | Noticed an orc knight
 12155 | Bailey   | Killed an orc knight
 12413 | Bailey   | Identified the +7 long sword "Toebimeriq" {venom, Fly rC-
                  | Str+7 Stlth+}
 12486 | Bailey   | Noticed an orc warlord
 12595 | D:9      | Found an ancient bone altar of Kikubaaqudgha.
 12911 | D:9      | Found a broken altar of Ashenzari.
 13194 | D:9      | Noticed a two-headed ogre
 13200 | D:9      | Killed a two-headed ogre
 13201 | D:9      | Reached XP level 11. HP: 62/62 MP: 17/27
 13731 | D:9      | Reached skill level 5 in Fighting
 13731 | D:9      | Reached skill level 12 in Spellcasting
 13731 | D:9      | Reached XP level 12. HP: 69/69 MP: 27/30
 13862 | D:10     | Entered Level 10 of the Dungeon
 14878 | Temple   | Entered the Ecumenical Temple
 15098 | Temple   | Became a worshipper of Cheibriados the Contemplative
 15329 | D:10     | Found an opulent altar of Gozag.
 15699 | D:11     | Reached skill level 1 in Invocations
 15958 | D:11     | Reached * piety under Cheibriados
 15967 | D:11     | Noticed a boulder beetle
 15968 | D:11     | a boulder beetle changed into a tyrant leech
 16178 | D:11     | Noticed a two-headed ogre
 16192 | D:11     | Killed a two-headed ogre
 16635 | D:11     | Reached skill level 5 in Invocations
 16650 | D:11     | Reached skill level 5 in Stealth
 16919 | D:11     | Found a staircase to the Lair.
 17184 | D:12     | Noticed a boulder beetle
 17190 | D:12     | a boulder beetle changed into a shock serpent
 17827 | D:11     | Learned a level 3 spell: Vampiric Draining
 17851 | Lair:1   | Entered Level 1 of the Lair of Beasts
 17892 | Lair:1   | Reached skill level 1 in Necromancy
 18306 | Lair:1   | Reached ** piety under Cheibriados
 19201 | Lair:1   | Noticed Urug
 19219 | Lair:1   | Killed Urug
 19448 | Lair:1   | Reached skill level 1 in Shields
 19734 | Lair:2   | Learned a level 5 spell: Freezing Cloud
 19814 | Lair:2   | Reached XP level 13. HP: 64/74 MP: 13/31
 19817 | Lair:2   | Reached skill level 1 in Ice Magic
 20059 | Lair:2   | Reached skill level 1 in Air Magic
 20085 | Lair:2   | Reached skill level 5 in Necromancy
 20192 | Lair:2   | Found a staircase to the Snake Pit.
 20205 | Lair:2   | Noticed paps's ghost (journeyman GrMo)
 20210 | Lair:2   | Noticed a minotaur
 20221 | Lair:2   | Identified a scroll of acquirement
 20221 | Lair:2   | Acquired a +0 pair of gloves of dexterity
 20499 | Lair:2   | Reached *** piety under Cheibriados
 21090 | Lair:2   | Found a runed translucent gate.
 21090 | Lair:2   | Found a runed translucent gate.
 21090 | Lair:2   | Found a runed translucent gate.
 21579 | Lair:2   | Found a staircase to the Swamp.
 22223 | Lair:3   | Found a hide-covered altar of Uskayaw.
 22308 | Lair:3   | Reached **** piety under Cheibriados
 23432 | Lair:4   | Identified the +2 trident of Inigacy {spect, rPois Dex+4}
 23434 | Lair:4   | Found a runed translucent door.
 23440 | Lair:4   | Found a frozen archway.
 23449 | IceCv    | Entered an ice cave
 23908 | IceCv    | Reached ***** piety under Cheibriados
 24786 | IceCv    | Noticed a frost giant
 24795 | IceCv    | HP: 3/74 [frost giant/+1 battleaxe of freezing (19)]
 24795 | IceCv    | Slain by a frost giant

Illustrated notes

Levels and vault maps discovered:
D:1:      lightli_arrival_boilingwater, layout_loops_ring,
          hellmonk_ecumenical_altar_heavens_door, st_stairs_11
D:2:      minmay_roachtagon, layout_loops_ring
D:3:      layout_loops_cross, zin_statuary, mainiacjoe_overflow_divided_tiny,
          uniq_natasha
D:4:      layout_cave_pods, uniq_pikel, uniq_eustachio, uniq_grinder,
          uniq_crazy_yiuf_cottage
D:5:      layout_rooms, minmay_temple_entry_slanted
D:6:      layout_basic, general_overflow_altar, portal_sewer_entry_b
D:7:      layout_basic, nicolae_hepliaklqana_hazy_memory,
          hangedman_minor_gate_pass, uniq_prince_ribbit1
D:8:      layout_rooms, amcnicky_altar_gilded, serial_aquarium,
          aquarium_bridge_square [aquarium_subvault_bridge,
          aquarium_subvault_wall, aquarium_subvault_bridge,
          aquarium_subvault_bridge], aquarium_window_fake,
          aquarium_window_double, aquarium_view_2e, aquarium_pool_S,
          nicolae_wooded_promenade, uniq_grum, uniq_erica, uniq_maurice
D:9:      layout_irregular_city, mainiacjoe_overflow_six_doors_small,
          evilmike_ruin_ashenzari, enter_bailey_1
D:10:     layout_stronghold, grunt_gozag_statues
D:11:     layout_rooms, lair_entry_dummy, minmay_holes
D:12:     layout_stronghold, orc_0_dummy
Temple:   nicolae_temple_figure_eight
Lair:1:   layout_chaotic_city, serial_bayou_shore_a,
          infiniplex_staircase_pool_2, lemuel_fruit_fields,
          serial_bayou_shore_b, serial_bayou_shore_b, grunt_megastairs_4,
          uniq_urug
Lair:2:   layout_regular_city, palyth_hydra_swamp_entry,
          guppyfry_snake_entry_island, maelrawn_ghost_gauntlet_escape,
          lemuel_fruit_fields
Lair:3:   layout_gridlike, basic_altar, infiniplex_staircase_pool
Lair:4:   layout_loops_ring, portal_ice_cave_entry_pillars_2,
          ebering_ghost_funeral_grove, minivault_11,
          chequers_serial_rivers_room_a, dpeg_oklob_1
IceCv:    ice_cave_caverns_02

Skill      XL: |  1  2  3  4  5  6  7  8  9 10 11 12 13 |
---------------+----------------------------------------+-----
Conjurations   | 2 3 4 5 6 7 9 |  9.2
Fire Magic     | 4 5 6 7 8 9 |  9.9
Fighting       | 1 3 4 5 |  5.9
Dodging        | 3 4 5 6 8 |  8.0
Spellcasting   | 4 6 7 9 10 12 | 12.2
Armour         | 3 4 |  4.1
Transmutations | 3 |  3.5
Poison Magic   | 3 |  3.6
Evocations     | 4 |  4.8
Short Blades   | 3 4 |  4.1
Stealth        | 5 |  5.8
Invocations    | 7 9 |  9.1
Necromancy     | 4 7 |  7.2
Shields        | 1 2 |  2.2
Ice Magic      | 4 |  4.6
Air Magic      | 4 |  4.2

Action                   |  1- 3 |  4- 6 |  7- 9 | 10-12 | 13-15 || total
-------------------------+-------+-------+-------+-------+-------++-------
Melee: Short sword       |     9 |       |       |     2 |    28 ||    39
       Rapier            |       |       |     6 |     1 |       ||     7
 Cast: Foxfire           |   108 |    93 |   159 |   209 |   124 ||   693
       Scorch            |       |    12 |    69 |   133 |    71 ||   285
       Flame Wave        |       |       |     1 |    47 |    33 ||    81
       Mephitic Cloud    |       |       |       |     5 |       ||     5
       Ignite Poison     |       |       |       |     5 |       ||     5
       Freezing Cloud    |       |       |       |       |     8 ||     8
Invok: Bend Time         |       |       |       |     1 |     2 ||     3
       Slouch            |       |       |       |       |     1 ||     1
Evoke: Wand              |       |       |       |    14 |     6 ||    20
  Use: Scroll            |       |     8 |     6 |    14 |     6 ||    34
       Potion            |       |       |     3 |     7 |     3 ||    13
Armor: Robe              |     1 |    13 |     4 |       |       ||    18
       Troll leather arm |       |       |    19 |    53 |    53 ||   125
Dodge: Dodged            |    19 |    30 |    85 |   178 |   195 ||   507
Block: Buckler           |       |       |       |     3 |    75 ||    78

Table legend: (Time is in decaauts)
 A = Elapsed time spent in this place.
 B = Non-inter-level travel time spent in this place.
 C = Inter-level travel time spent in this place.
 D = Time resting spent in this place.
 E = Time spent auto-exploring this place.
 F = Levels seen in this place.
 G = Mean time per level.
                   A        B        C        D        E       F      G
               +--------+--------+--------+--------+--------+-----+--------+
         Total |  26680 |  25859 |    821 |   9160 |  13217 |  20 | 1334.0 |
       Dungeon |  17221 |  16549 |    672 |   5695 |   8722 |  12 | 1435.1 |
        Temple |    239 |    220 |     19 |      0 |    206 |   1 |  239.0 |
          Lair |   6884 |   6756 |    128 |   2458 |   3588 |   4 | 1721.0 |
         Sewer |    184 |    184 |      0 |     24 |     79 |   1 |  184.0 |
        Bailey |    637 |    637 |      0 |    200 |    156 |   1 |  637.0 |
      Ice Cave |   1512 |   1512 |      0 |    783 |    464 |   1 | 1512.0 |
               +--------+--------+--------+--------+--------+-----+--------+

Top non-repeatable levels by time:
  Lair:2: 2529 daAuts
  Lair:1: 2254 daAuts
  Lair:3: 2072 daAuts
    D:10: 1907 daAuts
     D:2: 1890 daAuts
     D:1: 1633 daAuts
     D:7: 1627 daAuts
     D:5: 1568 daAuts
   IceCv: 1512 daAuts
    D:11: 1485 daAuts
     D:9: 1450 daAuts
     D:4: 1354 daAuts
     D:6: 1306 daAuts
     D:8: 1265 daAuts
     D:3: 1245 daAuts
